 Dungeon Crawl Stone Soup version 0.28-a0-1152-g9c71ebef14 (webtiles) character file.

Game seed: 11486112263710198418

58 spaghetti the Skirmisher (level 3, -3/32 HPs)
             Began as a Mummy Delver on Dec 14, 2021.
             Slain by an orc (5 damage)
             ... on level 6 of the Dungeon.
             The game lasted 00:01:21 (532 turns).

spaghetti the Skirmisher (Mummy Delver)              Turns: 532, Time: 00:01:22

Health: -3/32      AC:  3    Str: 17    XL:     3   Next: 76%
Magic:  3/3        EV: 11    Int:  9    God:
Gold:   43         SH:  0    Dex: 13    Spells: 2/2 levels left

rFire   x . .      SeeInvis .   a - +0 falchion {long}
rCold   + . .      Faith    .   (no shield)
rNeg    + + +      Spirit   .   b - +0 leather armour
rPois   ∞          Reflect  .   (no helmet)
rElec   .          Harm     .   (no cloak)
rCorr   .          Rampage  .   (no gloves)
Will    .....                   (no boots)
Stlth   ++........              (no amulet)
HPRegen 0.10/turn               (no ring)
MPRegen 0.08/turn               (no ring)

@: no status effects
A: cold resistance 1, negative energy resistance 3, torment resistance 2, heat
vulnerability 1, no potions
a: no special abilities


You were on level 6 of the Dungeon.
You visited 1 branch of the dungeon, and saw 2 of its levels.

You collected 43 gold pieces.


Innate Abilities, Weirdness & Mutations

You are immune to poison.
Your flesh is cold resistant. (rC+)
You are immune to negative energy. (rN+++)
You are immune to unholy pain and torment.
You are vulnerable to heat. (rF-)
You do not drink.


   Skills:
 + Level 4.8 Fighting
 - Level 1.5 Long Blades
 - Level 1.5 Dodging
 - Level 4.1 Stealth


You had 2 spell levels left.
You didn't know any spells.
Your spell library was empty.

Inventory:

Hand Weapons
 a - a +0 falchion (weapon) {long}
Armour
 b - a +0 leather armour (worn)
Wands
 f - a wand of digging (2)
Scrolls
 c - a scroll of fog
 d - a scroll of magic mapping {!r}

Dungeon Overview and Level Annotations

Branches:
Dungeon (6/15)
 Temple: D:4-7

Altars:

Annotations:
D:5 exclusion: door

##+###.....#
..........>######
................#
................#
.....o..........#
......#####.....#
......#...#.....#
#+######+###<..#.....#
..........S@o..'.....#
..........######.....#
..........# ......#
#...###...# ......#
##...###<..# .......#
#..........# ..######
#..........# ...
#..........+
#..........#


You could see an adder and an orc.


Message History

Really walk into a travel-excluded area?
Okay, then.
Really walk into a travel-excluded area?
Uppercase [Y]es or [N]o only, please.
Really walk into a travel-excluded area?
There is an open door here.
A jelly comes into view.
The iguana hisses angrily.
Okay, then.
You open the door.
There is an open door here.
You close the door.
Okay, then.
Unknown command.
Aiming: Dig
Press: ? - help, Shift-Dir - straight line A rock wall.
The rock shatters into small pieces.
Unknown command.
There is a stone staircase leading down here.
The iguana closely misses you.
You climb downwards.
There is a stone staircase leading up here.
Unknown command.
Unknown command.
Unknown command.
You barely miss the iguana. The iguana barely misses you.
The iguana closely misses you.
You hit the iguana. The iguana barely misses you.
You slash the iguana! The iguana barely misses you.
You hit the iguana.
You kill the iguana! 😎 HP[+2]
You now have 32 max hp (+2).
Your hp is fully restored (32).
You open the door.
There is an open door here.
Found an escape hatch in the floor.
You now have 43 gold pieces (gained 16).
e - a scroll labelled ICHEFA FARUEWYISS
As you read the scroll labelled ICHEFA FARUEWYISS, it crumbles to dust.
You hear a loud clanging noise!
It was a scroll of noise.
You hear a shout!
You hear an angry hiss.
An orc comes into view. It is wielding a +0 hand axe.
Unknown command.
Unknown command.
There is an open door here.
You start waiting.
An adder comes into view.
An adder is nearby!
The adder hisses angrily.
There is a stone staircase leading up here.
The adder barely misses you. The adder bites you. 😕 HP[-1]
You take 1 damage, and now have 31/32 hp.
You barely miss the adder. The adder bites you but does no damage.
You closely miss the adder. The adder bites you but does no damage.
The adder bites you. 😕 HP[-1]
You take 1 damage, and now have 30/32 hp.
You closely miss the adder. The orc hits you with a +0 hand axe!
The adder bites you.
The orc hits you with a +0 hand axe. 😮 HP[-10]
You take 10 damage, and now have 20/32 hp.
MASSIVE DAMAGE!! (PAUSE) Unknown command.
You hit the adder but do no damage. The adder closely misses you.
The orc misses you. The adder closely misses you.
You barely miss the adder. The adder bites you.
The orc hits you with a +0 hand axe.
* * * LOW HITPOINT WARNING * * *
😨 HP[-7]
You take 7 damage, and now have 13/32 hp.
MASSIVE DAMAGE!! (PAUSE) Unknown command.
Okay, then.
Okay, then.
Unknown command.
You hit the adder. The adder bites you.
* * * LOW HITPOINT WARNING * * *
The orc barely misses you. The adder barely misses you. 😨 HP[-2]
You take 2 damage, and now have 11/32 hp.
Unknown command.
Unknown command.
You closely miss the adder. The adder bites you but does no damage.
The orc hits you with a +0 hand axe.
* * * LOW HITPOINT WARNING * * *
The adder bites you.
* * * LOW HITPOINT WARNING * * *
The orc misses you. 😱 HP[-8]
You take 8 damage, and now have 3/32 hp.
MASSIVE DAMAGE!! (PAUSE) Unknown command.
Unknown command.
You closely miss the adder. The adder bites you.
* * * LOW HITPOINT WARNING * * *
The orc hits you with a +0 hand axe.
You die...

Skill      XL: |  1  2 |
---------------+-------+-----
Fighting       | 4 |  4.8
Long Blades    | |  1.5
Dodging        | |  1.5
Stealth        | |  4.1

Action                   || total
-------------------------++-------
Melee: Falchion          ||    30
Evoke: Wand              ||     1
  Use: Scroll            ||     2
Armor: Leather armour    ||     8
Dodge: Dodged            ||    25

Levels and vault maps discovered:
D:5:      layout_basic, serial_undead, serial_undead_d, serial_undead_e,
          serial_undead_a, serial_undead_c, uniq_blork_the_orc
D:6:      layout_gridville

Notes
Turn   | Place    | Note
-------+----------+-------------------------------------------
     0 | D:5      | spaghetti the Mummy Delver began the quest for the Orb.
     0 | D:5      | Reached XP level 1. HP: 18/18 MP: 1/1
     0 | D:5      | magus.rc [v1.9.6]
    55 | D:5      | Reached XP level 2. HP: 10/25 MP: 2/2
   261 | D:5      | Reached skill level 4 in Fighting
   261 | D:5      | Reached XP level 3. HP: 10/30 MP: 3/3
   531 | D:6      | HP: 5/32 [orc (6)]
   532 | D:6      | HP: 2/32 [adder (1)]
   532 | D:6      | Slain by an orc

Vanquished Creatures
  An iguana (D:6)
  A killer bee zombie (D:5)
  A hound zombie (D:5)
3 creatures vanquished.

Table legend:
 A = Non-vault XP
 B = Vault XP
 C = Vault XP percentage of total XP
 D = Non-vault monster count
 E = Vault monster count
 F = Vault count percentage of total count
                 A         B        C        D         E       F
            +---------+---------+-------+---------+---------+-------
      Total |      84 |       0 |   0.0 |       3 |       0 |   0.0
            +---------+---------+-------+---------+---------+-------
        D:5 |      48 |       0 |   0.0 |       2 |       0 |   0.0
        D:6 |      36 |       0 |   0.0 |       1 |       0 |   0.0
            +---------+---------+-------+---------+---------+-------

Illustrated notes

Table legend:
 A = Kills in this place as a percentage of kills in entire the game.
 B = Kills by you in this place as a percentage of kills by you in the entire game.
 C = Kills by friends in this place as a percentage of kills by friends in the entire game.
 D = Other kills in this place as a percentage of other kills in the entire game.
 E = Experience gained in this place as a percentage of experience gained in the entire game.
 F = Experience gained in this place divided by the number of levels of this place that you have seen.
                   A       B       C       D       E      F
               +-------+-------+-------+-------+-------+----------------------
         Total | 100.0 | 100.0 |   N/A |   N/A | 100.0 |  42.0
       Dungeon | 100.0 | 100.0 |   N/A |   N/A | 100.0 |  42.0
               +-------+-------+-------+-------+-------+----------------------

Table legend: (Time is in decaauts)
 A = Elapsed time spent in this place.
 B = Non-inter-level travel time spent in this place.
 C = Inter-level travel time spent in this place.
 D = Time resting spent in this place.
 E = Time spent auto-exploring this place.
 F = Levels seen in this place.
 G = Mean time per level.
                   A        B        C        D        E       F      G
               +--------+--------+--------+--------+--------+-----+--------+
         Total |    539 |    539 |      0 |    379 |     55 |   2 |  269.5 |
       Dungeon |    539 |    539 |      0 |    379 |     55 |   2 |  269.5 |
               +--------+--------+--------+--------+--------+-----+--------+

Top non-repeatable levels by time:
     D:5: 483 daAuts
     D:6: 55 daAuts
